 Dungeon Crawl Stone Soup version 0.17-a0-18-gc25b939 (webtiles) character file.

28840 Emanloe the Severer (level 13, -3/186 HPs)
             Began as a Minotaur Berserker on Mar 8, 2015.
             Was the Champion of Trog.
             Slain by Frances
             ... wielding a +2 glaive of pain
              (8 damage)
             ... on level 2 of the Snake Pit.
             The game lasted 02:05:01 (15168 turns).

Emanloe the Severer (Minotaur Berserker)           Turns: 15168, Time: 02:05:02

Health: -3/186     AC: 18    Str: 35    XL:     13   Next: 11%
Magic:  2/2        EV: 14    Int:  4    God:    Trog [******]
Gold:   879        SH:  0    Dex: 10    Spells: 0 memorised, 12 levels left

rFire  . . .     SeeInvis +     T - +4 executioner's axe (antimagic)
rCold  . . .     Clarity  .     m - +4 scale mail
rNeg   . . .     SustAb   .     (no shield)
rPois  +         Gourm    .     (helmet restricted)
rElec  .         Spirit   .     l - +0 cloak
rCorr  .         Warding  .     o - +0 pair of gloves {Str+3}
rMut   .         Stasis   .     h - +0 pair of boots
MR     .....                    M - amulet of faith
Stlth  ..........               r - ring of poison resistance
                                J - ring of see invisible

@: berserking, very quick, not resistant to hostile enchantments, extremely
unstealthy
A: retaliatory headbutt, horns 2, high mp 1
a: Burn Spellbooks, Berserk, Trog's Hand, Brothers in Arms, Renounce Religion


You were on level 2 of the Snake Pit.
You worshipped Trog.
Trog was exalted by your worship.
You were not hungry.

You visited 3 branches of the dungeon, and saw 17 of its levels.

You collected 1005 gold pieces.
You spent 126 gold pieces at shops.

Inventory:

Hand weapons
 d - a +2 antimagic broad axe
 A - a +1 antimagic battleaxe
 T - a +4 antimagic executioner's axe (weapon)
Armour
 b - a +0 animal skin
 h - a +0 pair of boots (worn)
 l - a +0 cloak (worn)
 m - a +4 scale mail (worn)
 o - a +0 pair of gloves of strength (worn)
Jewellery
 q - an uncursed ring of protection from fire
 r - a ring of poison resistance (right hand)
 s - an uncursed amulet of resist mutation
 y - an uncursed ring of ice
 F - a +2 ring of intelligence
 J - a ring of see invisible (left hand)
 M - an amulet of faith (around neck)
 O - an uncursed ring of sustain abilities
 R - an uncursed amulet of stasis
Magical devices
 i - a wand of magic darts (14)
 x - a wand of draining (4)
 B - a wand of digging (9)
 D - a wand of polymorph (1)
 G - a wand of frost (4)
 H - a wand of frost (25)
 I - a wand of cold (5)
 K - a wand of flame (27)
 L - a wand of digging (9)
 N - a wand of teleportation (4)
 P - a wand of polymorph (13)
 Q - a wand of digging (14)
Scrolls
 e - 6 scrolls of teleportation
 j - 6 scrolls of fog
 k - 3 scrolls of blinking
 z - 2 scrolls of fear
 C - 2 scrolls of magic mapping
 E - 8 scrolls of remove curse
Potions
 a - a potion of curing
 n - a potion of brilliance
 p - a potion of magic
 u - 2 potions of haste
 w - a potion of restore abilities
Miscellaneous
 v - a stone of tremors (inert)
Comestibles
 c - 9 bread rations
 f - 6 beef jerkies
 g - 12 fruits
 t - 12 slices of pizza


   Skills:
 * Level 14.0 Fighting
 * Level 15.5 Axes
 * Level 12.9 Armour
 * Level 9.4 Dodging
 + Level 1.2 Evocations


You had 12 spell levels left.
You didn't know any spells.

Dungeon Overview and Level Annotations

Branches:
Dungeon (11/15)            Temple (0/1) D:4            Lair (4/8) D:11
  Snake (2/5) Lair:4
  Swamp: Lair:3-6    Shoals: Lair:3-6       Orc: D:9-12

Altars:
Ashenzari
Cheibriados
Fedhas
Nemelex Xobeh
Qazlal
Ru
Sif Muna
Trog

Shops:
D:4 [

Annotations:
Snake:2 Frances, Rupert


Innate Abilities, Weirdness & Mutations

You reflexively headbutt those who attack you in melee.
You have a pair of horns on your head.
You have an increased reservoir of magic (+10% MP).


Message History

Your headbutt misses Rupert.
Rupert is moderately wounded.
Rupert hits you but does no damage.
Frances, Duchess of Pandemonium comes into view.
She is wielding a glaive of pain.
You slash Rupert!
Rupert's magic leaks into the air.
Your headbutt misses Rupert.
Rupert is heavily wounded.
Rupert closely misses you.
You slice Rupert like a ripe choko!!!
Rupert's magic leaks into the air.
Your headbutt misses Rupert.
Rupert is severely wounded.
Rupert closely misses you. Frances hits you but does no damage.
You writhe in agony.
* * * LOW HITPOINT WARNING * * *
You slash Rupert!
Rupert's magic leaks into the air.
You headbutt Rupert.
Rupert is severely wounded.
Rupert hits you with a battleaxe of chopping!!
* * * LOW HITPOINT WARNING * * *
x2 Frances hits you from afar with a glaive of pain!
You die...

#.....[# #......#
#......# #......#
#......# #.######
#+###.#
###########..##.#
......@@@.......#
......######.#..#
... #....# .
##...# #...#
#...# #...# #...#
....#


You could see Rupert (berserk) and Frances.

Vanquished Creatures
  Gastronok (Lair:1)
  Fannar (Lair:2)
  Harold (D:11)
  2 naga warriors
  3 naga sharpshooters (Snake:1)
  2 shock serpents (Snake:1)
  Nergalle (Lair:1)
  Erolcha (D:10)
  An unseen horror (D:11)
  2 ugly things (D:11)
  2 mana vipers (Snake:1)
  An oklob plant (D:10)
  6 black mambas (Snake:1)
  A centaur zombie (D:11)
  3 spiny frogs
  2 centaur skeletons (D:11)
  5 naga magi (Snake:1)
  A komodo dragon (Lair:2)
  A fire drake (Lair:4)
  2 trolls (D:9)
  A polar bear (Lair:2)
  5 blink frogs (Lair:4)
  3 spriggans
  2 wyverns
  19 yaks
  5 hippogriffs
  10 wolves
  5 nagas
  A wasp (D:8)
  5 water moccasins
  5 porcupines
  3 ice beasts
  A necrophage (D:8)
  An orc warrior (D:6)
  3 phantoms
  5 ogres
  5 crocodiles
  13 centaurs
  6 giant frogs
  The ghost of wojtek the Cudgeler, an average KoFi (D:4)
  2 big kobolds
  A gnoll sergeant (D:8)
  A scorpion (D:9)
  3 killer bees (D:11)
  3 wights (D:11)
  A goliath beetle (D:8)
  A quasit (D:11)
  A jelly (D:7)
  6 orc priests
  5 crimson imps
  A giant frog zombie (D:11)
  8 hounds
  6 orc wizards
  4 giant frog skeletons
  6 iguanas
  10 worker ants
  Ijyb (D:2)
  A mummy (D:6)
  A hound skeleton (D:4)
  18 river rats
  5 gnolls (D:8)
  3 shadow imps
  18 adders
  2 giant mites
  A worm (D:3)
  An adder skeleton (D:6)
  5 giant geckos
  An ooze (D:1)
  22 orcs
  2 bat skeletons
  11 goblins
  21 hobgoblins
  26 kobolds
  10 quokkas
  A ball python (D:3)
  21 bats
  A giant cockroach (D:2)
  A giant gecko skeleton (D:4)
  5 giant newts
  9 jackals
  10 rats
  5 spectral orcs (Lair:1)
  3 ballistomycetes (D:11)
  A fungus (Lair:4)
  3 plants
406 creatures vanquished.

Vanquished Creatures (others)
  A giant spore (D:11)
  A plant (D:11)
2 creatures vanquished.

Grand Total: 408 creatures vanquished

Notes
Turn   | Place    | Note
--------------------------------------------------------------
     0 | D:1      | Emanloe, the Minotaur Berserker, began the quest for the Orb.
     0 | D:1      | Reached XP level 1. HP: 19/19 MP: 1/1
    93 | D:1      | Reached skill level 4 in Fighting
    93 | D:1      | Reached XP level 2. HP: 20/27 MP: 1/1
   348 | D:1      | Acquired Trog's second power
   498 | D:2      | Reached XP level 3. HP: 32/34 MP: 2/2
  1006 | D:2      | Noticed Ijyb
  1018 | D:2      | Killed Ijyb
  1018 | D:2      | Reached XP level 4. HP: 28/41 MP: 2/2
  1547 | D:3      | Reached skill level 5 in Fighting
  1622 | D:3      | Reached XP level 5. HP: 42/48 MP: 2/2
  1816 | D:3      | Acquired Trog's third power
  2075 | D:4      | Noticed a phantom
  2084 | D:4      | Reached XP level 6. HP: 39/57 MP: 3/3
  2097 | D:4      | Noticed wojtek's ghost (average KoFi)
  2108 | D:4      | Killed wojtek's ghost
  2108 | D:4      | Reached skill level 5 in Axes
  2108 | D:4      | Killed a phantom
  2108 | D:4      | Reached skill level 6 in Fighting
  2108 | D:4      | Reached skill level 5 in Armour
  2455 | D:4      | Found a staircase to the Ecumenical Temple.
  2568 | D:4      | Reached XP level 7. HP: 63/63 MP: 3/3
  2759 | D:4      | Found a bloodstained altar of Trog.
  2854 | D:4      | Found Mnegus' Armour Shop.
  2861 | D:4      | Bought a +0 pair of gloves of strength for 126 gold pieces
  3201 | D:5      | Entered Level 5 of the Dungeon
  3611 | D:5      | Found a snail-covered altar of Cheibriados.
  3611 | D:5      | Found a stormy altar of Qazlal.
  4028 | D:5      | Reached skill level 7 in Fighting
  4313 | D:5      | Reached XP level 8. HP: 58/73 MP: 3/3
  4810 | D:7      | Found a sacrificial altar of Ru.
  5040 | D:7      | Reached skill level 5 in Dodging
  5183 | D:7      | Reached skill level 8 in Armour
  5277 | D:7      | Found a sparkling altar of Nemelex Xobeh.
  5622 | D:8      | Found a shattered altar of Ashenzari.
  5656 | D:8      | Paralysed by a wasp for 2 turns
  5657 | D:8      | Reached XP level 9. HP: 58/81 MP: 4/4
  5872 | D:8      | Reached skill level 9 in Armour
  6043 | D:8      | Received a gift from Trog
  6502 | D:9      | Reached skill level 10 in Axes
  6630 | D:9      | Reached XP level 10. HP: 67/92 MP: 1/4
  6683 | D:9      | Found a deep blue altar of Sif Muna.
  7387 | D:10     | Entered Level 10 of the Dungeon
  7406 | D:10     | Noticed Erolcha
  7415 | D:10     | Killed Erolcha
  7415 | D:10     | Reached skill level 10 in Fighting
  7415 | D:10     | Reached skill level 10 in Armour
  7574 | D:10     | Reached skill level 11 in Axes
  7745 | D:10     | Identified a scroll of acquirement
  7844 | D:10     | Found a blossoming altar of Fedhas.
  7873 | D:10     | Noticed an oklob plant
  7895 | D:10     | Killed an oklob plant
  8410 | D:11     | Noticed an unseen horror
  8413 | D:11     | Killed an unseen horror
  8413 | D:11     | Reached skill level 1 in Evocations
  8498 | D:11     | Reached skill level 12 in Axes
  8746 | D:11     | Reached XP level 11. HP: 81/101 MP: 2/6
  9102 | D:11     | Noticed a cyan ugly thing
  9133 | D:11     | Killed a cyan ugly thing
  9464 | D:11     | Found a staircase to the Lair.
  9494 | D:11     | Noticed Harold
  9498 | D:11     | Killed Harold
  9971 | Lair:1   | Entered Level 1 of the Lair of Beasts
 10055 | Lair:1   | Noticed Nergalle
 10069 | Lair:1   | Killed Nergalle
 10069 | Lair:1   | Reached skill level 13 in Axes
 10376 | Lair:1   | Received a gift from Trog
 10476 | Lair:1   | Noticed Gastronok
 10491 | Lair:1   | Killed Gastronok
 11160 | Lair:2   | Noticed Fannar
 11172 | Lair:2   | Killed Fannar
 11326 | Lair:2   | Reached XP level 12. HP: 113/113 MP: 2/7
 11326 | Lair:2   | Reached skill level 14 in Axes
 11668 | Lair:3   | Received a gift from Trog
 11789 | Lair:3   | Gained mutation: You possess an exceptional clarity of mind. [potion of mutation]
 11789 | Lair:3   | Gained mutation: You have an increased reservoir of magic (+10% MP). [potion of mutation]
 11789 | Lair:3   | Gained mutation: You are agile. (Dex +2) [potion of mutation]
 12007 | Lair:3   | Lost mutation: You are agile. (Dex +2) [potion of cure mutation]
 12007 | Lair:3   | Lost mutation: You possess an exceptional clarity of mind. [potion of cure mutation]
 12528 | Lair:4   | Received a gift from Trog
 12567 | Lair:4   | Found a staircase to the Snake Pit.
 12577 | Snake:1  | Entered Level 1 of the Snake Pit
 12933 | Snake:1  | Reached skill level 15 in Axes
 13873 | Snake:1  | Noticed a naga warrior
 13895 | Snake:1  | Killed a naga warrior
 14189 | Snake:1  | Reached XP level 13. HP: 99/123 MP: 2/7
 15157 | Snake:2  | Noticed Rupert
 15166 | Snake:2  | Noticed Frances
 15168 | Snake:2  | HP: 7/186 [Rupert/battleaxe of chopping (18)]
 15168 | Snake:2  | Slain by Frances

Action                   |  1- 3 |  4- 6 |  7- 9 | 10-12 | 13-15 || total
-------------------------+-------+-------+-------+-------+-------++-------
Melee: Hand axe          |   100 |    80 |       |       |       ||   180
       War axe           |       |     7 |   120 |       |       ||   127
       Battleaxe         |       |       |   147 |   393 |       ||   540
       Unarmed           |       |       |       |     2 |       ||     2
       Executioner's axe |       |       |       |    88 |    31 ||   119
Invok: Berserk           |       |     2 |     2 |     9 |     1 ||    14
       Burn Spellbooks   |       |       |     1 |     2 |       ||     3
       Trog's Hand       |       |       |     1 |     3 |       ||     4
Evoke: Wand              |       |       |       |    17 |     2 ||    19
       Stone of tremors  |       |       |       |     2 |       ||     2
       Phantom mirror    |       |       |       |       |     1 ||     1
  Use: Potion            |     2 |     6 |     1 |    11 |       ||    20
       Scroll            |     6 |     4 |     8 |    15 |       ||    33
 Stab: Invisible         |       |     1 |       |       |       ||     1
  Eat: Meat ration       |     1 |     1 |     1 |     5 |       ||     8
       Bread ration      |       |       |     2 |     2 |       ||     4
       Fruit             |       |       |       |     4 |       ||     4
